 Dungeon Crawl Stone Soup version 0.29.1-1-gd02db6906a (webtiles) character file.

Game seed: 14792026702341078647

4 Lremus the Trooper (level 1, -1/19 HPs)
             Began as a Hill Orc Fighter on Sept 27, 2022.
             Succumbed to a goblin's poison
             ... on level 1 of the Dungeon.
             The game lasted 00:02:06 (158 turns).

Lremus the Trooper (Hill Orc Fighter)                Turns: 158, Time: 00:02:07

Health: -1/19      AC:  6    Str: 18    XL:     1   Next: 70%
Magic:  1/1        EV:  9    Int:  8    God:
Gold:   13         SH:  4    Dex: 10    Spells: 0/0 levels left

rFire   . . .      SeeInvis .   a - +0 war axe
rCold   . . .      Faith    .   c - +0 buckler
rNeg    . . .      Spirit   .   b - +0 scale mail
rPois   .          Reflect  .   (no helmet)
rElec   .          Harm     .   (no cloak)
rCorr   .          Rampage  .   (no gloves)
Will    .....                   (no boots)
Stlth   ..........              (no amulet)
HPRegen 0.06/turn               (no ring)
MPRegen 0.07/turn               (no ring)

@: lethally poisoned (-1 -> -8)
A: no striking features
a: no special abilities


You were on level 1 of the Dungeon.
You visited 1 branch of the dungeon, and saw 1 of its levels.

You collected 13 gold pieces.

Inventory:

Hand Weapons
 a - a +0 war axe (weapon)
Missiles
 f - 6 stones (quivered)
Armour
 b - a +0 scale mail (worn)
 c - a +0 buckler (worn)
Scrolls
 g - a scroll of teleportation
Potions
 d - a potion of might


   Skills:
 - Level 3.6 Fighting
 + Level 3.3 Axes
 - Level 3.2 Armour
 - Level 3.2 Shields


You couldn't memorise any spells.
You didn't know any spells.
Your spell library contained the following spells:

 Spells                   Type           Power      Damage    Failure   Level
 Summon Small Mammal      Summ           0%         N/A       87%         1
 Call Canine Familiar     Summ           0%         N/A       99%         3
 Summon Guardian Golem    Hex/Summ       0%         N/A       99%         3


Dungeon Overview and Level Annotations

Branches:
Dungeon (1/15)

Altars:


Message History

g - a scroll labelled ISEQIW MEMI HP restored.
You now have 13 gold pieces (gained 2).
Found a stone staircase leading down.
An endoplasm comes into view.
You barely miss the endoplasm. The endoplasm freezes you.
You are frozen.
You slash the endoplasm!
You kill the endoplasm!
A goblin comes into view. It is wielding a +3 dagger of venom.
The goblin shouts!
You closely miss the goblin. The goblin hits you but does no damage.
You are poisoned.
You hit the goblin.
The goblin is moderately wounded.
You feel sick.
The goblin hits you with a +3 dagger of venom.
You are more poisoned.
The goblin hits you but does no damage.
You are lethally poisoned!
You closely miss the goblin.
The goblin is moderately wounded.
You feel very sick. The goblin hits you but does no damage.
You slash the goblin!
You kill the goblin!
* * * LOW HITPOINT WARNING * * *
You feel very sick.
* * * LOW HITPOINT WARNING * * *
You feel sick.
Things that are here:
a +3 dagger of venom; a goblin corpse
As you read the scroll labelled REAZOXKUWUA, it crumbles to dust.
It is a scroll of identify.
g - a scroll of teleportation
* * * LOW HITPOINT WARNING * * *
You feel sick.
Okay, then.
You die...

..##.# ..#... ..#..#
####.#..# ....#..##
#..#...
.######..#.####.#
+.........@)>......
#.######..#.######
###.........#.#
...........>#.#######.
........#.............
....~.#.#.#.#.########
...~~...~####....####
.~≈≈≈~.≈≈ #.......#
~.~~≈~~≈≈≈ #.......#


There were no monsters in sight!

Vanquished Creatures
  A ball python (D:1)
  An endoplasm (D:1)
  A goblin (D:1)
  A frilled lizard (D:1)
4 creatures vanquished.

Notes
Turn   | Place    | Note
-------+----------+-------------------------------------------
     0 | D:1      | Lremus the Hill Orc Fighter began the quest for the Orb.
     0 | D:1      | Reached XP level 1. HP: 19/19 MP: 1/1
     2 | D:1      | Noticed a draconian
     4 | D:1      | Noticed an elf
     4 | D:1      | Noticed a merfolk
     6 | D:1      | Noticed a gargoyle
     6 | D:1      | Noticed a formicid
     8 | D:1      | Noticed a tengu
    10 | D:1      | Noticed an ogre
    10 | D:1      | Noticed a palentonga
    13 | D:1      | Noticed a troll
    13 | D:1      | Noticed a demonspawn
    16 | D:1      | Noticed a vampire
    16 | D:1      | Noticed a ghoul
    18 | D:1      | Noticed a vine stalker
    18 | D:1      | Noticed a spriggan
    21 | D:1      | Noticed a minotaur
    23 | D:1      | Noticed a naga
    23 | D:1      | Noticed an octopode
    25 | D:1      | Noticed a felid
    25 | D:1      | Noticed a human
    27 | D:1      | Noticed a demigod
    29 | D:1      | Noticed a vampire
    29 | D:1      | Noticed a meteoran
   158 | D:1      | Succumbed to a goblin's poison

Illustrated notes

Levels and vault maps discovered:
D:1:      kb_arrival_jail, layout_basic, chequers_serial_rivers_small_3,
          kennysheep_another_room, st_stairs_4

Skill      XL: |  1 |
---------------+----+-----
Axes           | 3 |  3.3
Fighting       | |  3.6
Armour         | |  3.2
Shields        | |  3.2

Action                   || total
-------------------------++-------
Melee: War axe           ||    12
  Use: Scroll            ||     1
Armor: Scale mail        ||     4
Dodge: Dodged            ||     2
Block: Buckler           ||     2
